 Dungeon Crawl Stone Soup version 0.29-a0-541-gaf1fc19f1b (webtiles) character file.

Game seed: 16263871589697612067

507 happo123 the Sneak (level 7, -2/40 HPs)
             Began as a Kobold Enchanter on June 3, 2022.
             Was a Follower of Wu Jian.
             Succumbed to an orc wizard's poison
             ... on level 5 of the Dungeon.
             The game lasted 00:16:14 (4915 turns).

happo123 the Sneak (Kobold Enchanter)               Turns: 4915, Time: 00:16:14

Health: -2/40      AC:  6    Str:  6    XL:     7   Next: 42%
Magic:  5/12       EV: 17    Int: 18    God:    Wu Jian [*.....]
Gold:   188        SH:  0    Dex: 21    Spells: 4/12 levels left

rFire   . . .      SeeInvis .   a - +1 dagger
rCold   . . .      Faith    .   (no shield)
rNeg    . . .      Spirit   .   b - +0 robe
rPois   .          Reflect  .   k - +0 helmet
rElec   .          Harm     .   (no cloak)
rCorr   .          Rampage  .   x - +2 pair of gloves
Will    .....                   (no boots)
Stlth   ++++......              (no amulet)
HPRegen 0.13/turn               f - +6 ring of dexterity
MPRegen 0.13/turn               (no ring)

@: lethally poisoned (-2 -> -15), confusing by touch
A: small, no large weapons, nightstalker 3
a: Renounce Religion


You were on level 5 of the Dungeon.
You worshipped Wu Jian.
Wu Jian was aware of your devotion.
You visited 1 branch of the dungeon, and saw 5 of its levels.

You collected 188 gold pieces.

Inventory:

Hand Weapons
 a - a +1 dagger (weapon)
Missiles
 y - a throwing net
Armour
 b - a +0 robe (worn)
 k - a +0 helmet (worn)
 p - the +4 chain mail of the Harvest Moon {Str+3 Dex+3}
   (You took it off a kobold on level 2 of the Dungeon)

   Str:       It affects your strength (+3).
   Dex:       It affects your dexterity (+3).
 x - a +2 pair of gloves (worn)
Jewellery
 f - a +6 ring of dexterity (left hand)
Wands
 u - a wand of iceblast (11)
 v - a wand of digging (3)
Scrolls
 d - a scroll of brand weapon {unknown}
 e - 5 scrolls of identify
 g - a scroll of silence {unknown}
 h - a scroll of fog {unknown}
 j - a scroll of magic mapping {unknown}
 m - 3 scrolls of teleportation
 o - a scroll of poison {unknown}
 q - 2 scrolls of enchant weapon {unknown}
 t - a scroll of noise {unknown}
Potions
 c - 3 potions of invisibility
 i - 3 potions of curing
 l - a potion of brilliance {unknown}
 n - 2 potions of mutation {unknown}
 r - a potion of degeneration {unknown}
 s - a potion of cancellation {unknown}
 w - 2 potions of heal wounds {unknown}


   Skills:
 + Level 2.5 Fighting
 + Level 3.4 Short Blades
 + Level 1.2 Armour
 + Level 4.0 Dodging
 + Level 5.6 Stealth
 + Level 3.3 Spellcasting
 * Level 4.8 Hexes


You had 4 spell levels left.
You knew the following spells:

 Your Spells              Type           Power      Damage    Failure   Level
a - Ensorcelled Hibernat  Hex/Ice        22%        N/A       9%          2
b - Confusing Touch       Hex            20%        N/A       6%          3
c - Tukima's Dance        Hex            20%        N/A       6%          3

Your spell library contained the following spells:

 Spells                   Type           Power      Damage    Failure   Level
 Beastly Appendage        Tmut           6%         N/A       16%         1
 Shock                    Conj/Air       12%        1d3       16%         1
 Dazzling Flash           Conj/Hex       22%        N/A       17%         3
 Wereblood                Tmut           3%         N/A       24%         2
 Conjure Flame            Conj/Fire      3%         6-21      43%         3
 Ignite Poison            Fire/Tmut/Pois 3%         N/A       43%         3
 Spider Form              Tmut/Pois      3%         N/A       43%         3
 Swiftness                Air            3%         N/A       43%         3
 Airstrike                Air            1%         N/A       83%         4
 Sticky Flame             Conj/Fire      3%         2d3       83%         4


Dungeon Overview and Level Annotations

Branches:
Dungeon (5/15)
 Temple: D:4-7

Altars:
Gozag
Nemelex Xobeh
Uskayaw
Wu Jian

Shops:
D:3 (


Innate Abilities, Weirdness & Mutations

You are small and have problems with some larger weapons.
You are completely attuned to the shadows.


Message History

Confirm with . or Enter, or press ? or * to list all spells.
Your hands begin to glow red.
You hit the orc priest but do no damage.
The orc priest hits you with a +0 hand axe.
You hit the orc priest but do no damage.
The orc priest appears confused.
You hit the orc priest.
The orc priest is moderately wounded.
The orc priest hits something with a +0 hand axe.
The orc priest completely misses you.
You hit the orc priest.
The orc priest is heavily wounded.
The orc priest barely misses something.
The orc priest barely misses you.
You hit the orc priest.
The orc priest is almost dead.
The orc priest barely misses something.
The orc priest misses you.
The orc priest hits itself with a +0 hand axe.
The orc priest is killed!
The Council accepts your kill. Something hits you but does no damage.
You are poisoned.
Things that are here:
a +0 hand axe; an orc corpse
Casting: Confusing Touch (dangerous; 6% risk of failure)
Confirm with . or Enter, or press ? or * to list all spells.
Your hands begin to glow red.
You feel sick. Something hits you.
You are more poisoned.
You hit something but do no damage.
You feel sick.
You completely miss something.
You feel sick. Something barely misses you.
You closely miss something.
You feel sick.
You hear some strange, mumbled words.
A magic dart appears from out of thin air!
The magic dart hits you!
* * * LOW HITPOINT WARNING * * *
You hit something but do no damage.
* * * LOW HITPOINT WARNING * * *
You feel sick. Something hits you but does no damage.
You are more poisoned.
You miss something.
You die...

.....♣P #.......#
#.......# #.......#
#.......######
#..........#
#####.########.##..
......).{@.<.......
#####.#####...###..
.......# #...#####
........# #.......
........# #..#####
........# #..####
........# #.<....
........# #.#####
..$.....# #.#


There were no monsters in sight!

Vanquished Creatures
  A phantom (D:4)
  A scorpion (D:4)
  A bullfrog (D:4)
  An orc priest (D:5)
  Natasha (thrice) (D:2)
  Terence (D:2)
  4 gnolls (D:4)
  4 adders
  A white imp (D:3)
  2 worms (D:2)
  2 dart slugs
  An orc (D:5)
  8 endoplasms
  3 giant cockroaches
  9 goblins
  14 hobgoblins
  3 quokkas
  8 ball pythons
  8 bats
  2 frilled lizards (D:2)
  10 kobolds
  5 rats
92 creatures vanquished.

Vanquished Creatures (others)
  15 plants (D:5)
15 creatures vanquished.

Grand Total: 107 creatures vanquished

Notes
Turn   | Place    | Note
-------+----------+-------------------------------------------
     0 | D:1      | happo123 the Kobold Enchanter began the quest for the Orb.
     0 | D:1      | Reached XP level 1. HP: 10/10 MP: 3/3
    43 | D:1      | Reached XP level 2. HP: 16/16 MP: 5/5
    56 | D:1      | Learned a level 2 spell: Ensorcelled Hibernation
   773 | D:1      | Reached XP level 3. HP: 19/20 MP: 1/6
   777 | D:1      | Learned a level 3 spell: Confusing Touch
  1279 | D:2      | Reached skill level 1 in Fighting
  1431 | D:2      | Noticed Terence
  1435 | D:2      | Killed Terence
  1436 | D:2      | Reached XP level 4. HP: 25/25 MP: 7/7
  1873 | D:2      | Identified the +4 chain mail of the Harvest Moon {Str+3
                  | Dex+3}
  2190 | D:2      | Noticed Natasha
  2208 | D:2      | Killed Natasha
  2209 | D:2      | Reached XP level 5. HP: 5/29 MP: 2/9
  2749 | D:2      | Noticed Natasha
  2763 | D:2      | Killed Natasha
  3150 | D:2      | Noticed Natasha
  3169 | D:2      | Killed Natasha
  3198 | D:2      | Learned a level 3 spell: Tukima's Dance
  3362 | D:3      | Found an ornate altar of the Wu Jian Council.
  3367 | D:3      | Became a worshipper of the Wu Jian Council
  3373 | D:3      | Found an opulent altar of Gozag.
  3546 | D:3      | Found a hide-covered altar of Uskayaw.
  3611 | D:3      | Reached XP level 6. HP: 34/34 MP: 10/10
  3649 | D:3      | Reached skill level 5 in Stealth
  4051 | D:3      | Found Lugiv's Antique Weapon Emporium.
  4302 | D:4      | Reached skill level 1 in Armour
  4370 | D:4      | Found a sparkling altar of Nemelex Xobeh.
  4471 | D:4      | Reached XP level 7. HP: 29/40 MP: 8/11
  4652 | D:4      | Reached * piety under Wu Jian
  4845 | D:5      | Entered Level 5 of the Dungeon
  4913 | D:5      | HP: 2/40 [something/magic dart (8)]
  4915 | D:5      | Succumbed to an orc wizard's poison

Illustrated notes

Levels and vault maps discovered:
D:1:      tarquinn_simple_flora_water_b, layout_loops_ring, grunt_decor_junction
D:2:      layout_basic, serial_glass, glass_columns_c, glass_columns_b,
          kennysheep_cluttered_room, uniq_natasha, uniq_terence
D:3:      layout_loops_ring, mainiacjoe_overflow_tiny_flanked,
          nicolae_gozag_seed_capital, overflow_temple_1_default, serial_shops,
          nicolae_shop_hallway_plus
D:4:      layout_cave_pools, nemelex_diamond_rough_becter
D:5:      layout_basic, serial_bayou, serial_bayou_lagoon_a,
          serial_bayou_pond_c, serial_bayou_pond_d, serial_bayou_ford_a,
          serial_bayou_crossing, uniq_edmund

Skill      XL: |  1  2  3  4  5  6  7 |
---------------+----------------------+-----
Short Blades   | 2 3 |  3.4
Fighting       | 1 2 |  2.5
Dodging        | 3 4 |  4.0
Hexes          | 4 |  4.8
Stealth        | 5 |  5.6
Spellcasting   | 3 |  3.3
Armour         | 1 |  1.2

Action                   |  1- 3 |  4- 6 |  7- 9 || total
-------------------------+-------+-------+-------++-------
Melee: Dagger            |    52 |   119 |    32 ||   203
       Punch             |     1 |     1 |       ||     2
 Cast: Ensorcelled Hiber |     7 |    19 |     4 ||    30
       Confusing Touch   |       |     4 |     2 ||     6
Invok: Lunge             |       |    13 |     8 ||    21
  Use: Scroll            |       |       |     2 ||     2
 Stab: Sleeping          |    19 |    37 |     7 ||    63
       Confused          |       |     4 |       ||     4
       Distracted        |       |     2 |       ||     2
Armor: Robe              |    17 |    12 |     5 ||    34
Dodge: Dodged            |    30 |    42 |    13 ||    85

Table legend: (Time is in decaauts)
 A = Elapsed time spent in this place.
 B = Non-inter-level travel time spent in this place.
 C = Inter-level travel time spent in this place.
 D = Time resting spent in this place.
 E = Time spent auto-exploring this place.
 F = Levels seen in this place.
 G = Mean time per level.
                   A        B        C        D        E       F      G
               +--------+--------+--------+--------+--------+-----+--------+
         Total |   4892 |   4188 |    704 |    236 |   3224 |   5 |  978.4 |
       Dungeon |   4892 |   4188 |    704 |    236 |   3224 |   5 |  978.4 |
               +--------+--------+--------+--------+--------+-----+--------+

Top non-repeatable levels by time:
     D:2: 1954 daAuts
     D:1: 1235 daAuts
     D:3: 945 daAuts
     D:4: 690 daAuts
     D:5: 66 daAuts
